 Dungeon Crawl Stone Soup version 0.17-a0-469-g696e5a1 (webtiles) character file.

60 Radiman the Digger (level 4, -2/24 HPs)
             Began as a Gargoyle Earth Elementalist on Apr 6, 2015.
             Slain by a worm (5 damage)
             ... on level 3 of the Dungeon.
             The game lasted 00:07:18 (2151 turns).

Radiman the Digger (Gargoyle Earth Elementalist)    Turns: 2151, Time: 00:07:19

Health: -2/24      AC:  5    Str: 12    XL:     4   Next: 4%
Magic:  1/8        EV: 12    Int: 16    God:
Gold:   44         SH:  0    Dex: 10    Spells: 3 memorised, 3 levels left

rFire  . . .     SeeInvis .     (no weapon)
rCold  . . .     Clarity  .     c - +0 robe
rNeg   + + .     SustAb   .     (no shield)
rPois  ∞         Gourm    .     (no helmet)
rElec  +         Spirit   .     (no cloak)
rCorr  .         Warding  +     (no gloves)
rMut   .         Stasis   .     (no boots)
MR     .....                    f - amulet of warding
Stlth  ++........               (no ring)
                                (no ring)

@: not resistant to hostile enchantments, unstealthy
A: negative energy resistance 1, electricity resistance, unbreathing,
petrification resistance, rot immunity, AC +3
a: no special abilities


You were on level 3 of the Dungeon.
You were not hungry.

You visited 1 branch of the dungeon, and saw 3 of its levels.

You collected 44 gold pieces.

Inventory:

Missiles
 b - 60 stones (quivered)
 l - 12 poisoned needles
Armour
 c - a +0 robe (worn)
Jewellery
 f - an amulet of warding (around neck)
Scrolls
 g - 3 scrolls of identify {unknown}
 i - 2 scrolls of enchant armour {unknown}
 j - a scroll of enchant weapon {unknown}
 m - a scroll of magic mapping {unknown}
Potions
 e - a potion of mutation {unknown}
 h - a potion of agility {unknown}
 k - a potion of magic {unknown}
Books
 d - a book of Geomancy

   Spells                             Type                      Level
   a - Sandblast                      Earth                        1
   b - Stoneskin                      Transmutation/Earth          2
   c - Passwall                       Transmutation/Earth          3
   d - Stone Arrow                    Conjuration/Earth            3
   e - Petrify                        Transmutation/Earth          4
   f - Lee's Rapid Deconstruction     Earth                        5
Comestibles
 a - a bread ration
 n - a chunk of flesh
 o - 5 fruits


   Skills:
 - Level 1.5 Dodging
 - Level 2.1 Stealth
 * Level 3.0 Spellcasting
 - Level 0.7 Transmutations
 * Level 4.8 Earth Magic


You had 3 spell levels left.
You knew the following spells:

 Your Spells              Type           Power        Failure   Level  Hunger
a - Sandblast             Erth           ###...       2%          1    #......
b - Stoneskin             Trmt/Erth      ##......     10%         2    ##.....
c - Stone Arrow           Conj/Erth      ##....       21%         3    ###....


Dungeon Overview and Level Annotations

Branches:
Dungeon (3/15)

Altars:

Annotations:
D:2 Crazy Yiuf


Innate Abilities, Weirdness & Mutations

You are resistant to torment.
Your stone body is resilient (AC +3).
You are immune to poison.
You resist negative energy.
You are resistant to electric shocks.
You can survive without breathing.
You are immune to petrification.
You are immune to rotting.


Message History

You kill the bat!
The jackal barks! x2
The jackal closely misses you.
Some of the chunks of flesh in your inventory have rotted away.
You hit the jackal.
The jackal is moderately wounded.
The jackal closely misses you.
You miss the jackal.
The jackal is moderately wounded.
The jackal closely misses you. The jackal barely misses you.
You closely miss the jackal.
The jackal is moderately wounded.
The jackal barely misses you.
You hit the worm but do no damage.
The worm is moderately wounded.
The jackal closely misses you.
You barely miss the worm.
The worm is moderately wounded.
The jackal closely misses you. The worm bites you.
You die...

. . ##.#.#
....# ....#
.... ...h.
#.#h# #.#h#
#.#@# #b#w#
# #.#.#
.###.##.#†#
#..........#
####.##.###
#.# #w#
###.#
#>#.......


You could see a worm and 3 jackals.

Vanquished Creatures
  An adder (D:3)
  2 worms (D:2)
  3 giant geckos
  An ooze (D:1)
  A ball python (D:2)
  3 giant cockroaches (D:1)
  4 goblins
  2 hobgoblins (D:1)
  4 kobolds
  A quokka (D:2)
  6 bats
  2 giant newts (D:1)
  4 rats
34 creatures vanquished.

Notes
Turn   | Place    | Note
--------------------------------------------------------------
     0 | D:1      | Radiman, the Gargoyle Earth Elementalist, began the quest for the Orb.
     0 | D:1      | Reached XP level 1. HP: 10/10 MP: 3/3
   232 | D:1      | Reached skill level 4 in Earth Magic
   232 | D:1      | Reached XP level 2. HP: 10/15 MP: 1/5
   236 | D:1      | Learned a level 2 spell: Stoneskin
   922 | D:1      | Reached XP level 3. HP: 19/19 MP: 0/6
  1992 | D:2      | Learned a level 3 spell: Stone Arrow
  2102 | D:2      | Noticed Crazy Yiuf
  2119 | D:3      | Reached XP level 4. HP: 21/24 MP: 3/8
  2151 | D:3      | Slain by a worm

Action                   |  1- 3 |  4- 6 || total
-------------------------+-------+-------++-------
Melee: Unarmed           |    67 |     7 ||    74
 Cast: Sandblast         |    80 |     7 ||    87
  Eat: Chunk             |     5 |       ||     5
